Map: 블루시프트 - 래더

Players

TSGSolar (Solar)

  • Race: Zerg Zerg
  • League: Master
  • Spawn Location: 7:00

Classic - Winner!

  • Race: Protoss Protoss
  • League: Master
  • Spawn Location: 1:00

Event: IEM Season 13 - Katowice Server Qualifiers Asia 2

VOD

Have the link to the VOD?

Description

Time

  • Played on: Jan. 22, 2019, 5:43 a.m.
  • Length: 9:54

All games in this series

Show
View Real Time Build Order
Export as new Build Order

TSGSolar Zerg 

Build Orders: Hatch First, Roach Hydra 

Get SALT Encoding   

  12  0:00  Drone  
  13  0:12  Overlord  
  13  0:17  Drone  
  14  0:31  Drone  
  15  0:44  Drone x2  
  17  0:53  Hatchery  
  17  0:54  Drone  
  17  1:00  Drone  
  18  1:07  Extractor  
  17  1:17  Spawning Pool  
  16  1:19  Drone  
  16  1:20  Drone  
  18  1:28  Drone  
  19  1:39  Drone  
  20  1:49  Overlord  
  20  2:04  Queen x2  
  20  2:05  Zergling x4  
  26  2:09  Metabolic Boost  
  26  2:11  Drone  
  27  2:15  Drone  
  28  2:24  Drone  
  28  2:28  Zergling x2  
  30  2:40  Hatchery  
  30  2:41  Zergling x2  
  30  2:43  Drone  
  30  2:44  Drone  
  30  2:51  Queen  
  31  2:55  Overlord  
  31  2:58  Drone  
  34  3:02  Zergling x2  
  34  3:04  Zergling x2  
  36  3:15  Drone x2  
  36  3:17  Drone x3  
  36  3:19  Drone x2  
  43  3:21  Drone  
  44  3:29  Overlord  
  44  3:31  Spore Crawler  
  43  3:34  Spore Crawler, Drone  
  43  3:36  Drone  
  44  3:44  Overlord  
  44  3:54  Queen  
  44  3:55  Drone x4  
  50  4:02  Queen  
  52  4:03  Overlord  
  52  4:04  Drone  
  52  4:06  Drone  
  52  4:08  Drone  
  55  4:10  Drone  
  55  4:11  Drone  
  55  4:13  Drone  
  58  4:22  Drone x4  
  62  4:25  Drone  
  62  4:28  Drone x4  
  65  4:33  Overlord  
  65  4:38  Lair  
  65  4:39  Drone  
  65  4:42  Extractor x2  
  65  4:43  Roach Warren  
  65  4:44  Drone x2  
  65  4:46  Drone  
  65  4:48  Zergling x2  
  65  4:52  Zergling x6  
  68  4:54  Overlord  
  68  4:58  Zergling x2  
  69  5:01  Extractor  
  69  5:03  Zergling x6  
  69  5:04  Zergling x4  
  73  5:10  Overlord  
  73  5:11  Drone x2  
  73  5:12  Drone  
  72  5:14  Drone  
  72  5:15  Drone  
  74  5:23  Roach  
  74  5:26  Roach x2  
  80  5:29  Roach x3  
  80  5:31  Overlord  
  86  5:36  Overlord  
  86  5:38  Glial Reconstitution  
  86  5:39  Overseer  
  86  5:40  Roach  
  87  5:44  Roach  
  87  5:49  Roach  
  92  5:50  Roach  
  92  5:53  Roach x3  
  92  5:54  Roach  
  91  5:59  Roach x3  
  91  6:02  Zergling x2  
  91  6:03  Zergling x6  
  92  6:11  Zergling x6  
  92  6:16  Drone x2  
  97  6:20  Drone  
  98  6:26  Drone  
  98  6:27  Drone  
  98  6:32  Drone  
  101  6:36  Drone  
  101  6:38  Drone  
  103  6:43  Baneling Nest  
  103  6:46  Evolution Chamber  
  101  6:47  Hydralisk Den  
  101  6:48  Evolution Chamber  
  101  6:49  Drone  
  101  6:52  Drone  
  101  6:53  Drone x2  
  105  6:55  Overlord x2, Extractor  
  105  6:56  Overlord  
  105  6:58  Overlord  
  104  7:01  Overlord  
  104  7:03  Drone  
  104  7:04  Overlord  
  104  7:06  Overlord  
  105  7:13  Overlord  
  105  7:14  Drone x4  
  105  7:15  Drone x5  
  113  7:18  Zerg Missile Weapons Level 1  
  113  7:22  Grooved Spines  
  114  7:24  Pneumatized Carapace, Drone  
  114  7:26  Drone  
  114  7:27  Drone  
  117  7:30  Drone x2  
  117  7:31  Drone  
  117  7:33  Drone  
  117  7:34  Hydralisk  
  123  7:39  Hydralisk x2  
  123  7:43  Hydralisk  
  127  7:49  Drone  
  127  7:50  Extractor  
  127  7:59  Overseer  
  127  8:01  Overlord  
  127  8:04  Hydralisk x3  
  127  8:05  Roach x3, Hatchery  
  132  8:11  Hydralisk x2  
  132  8:12  Hydralisk  
  138  8:15  Overlord  
  138  8:17  Hydralisk x2  
  138  8:19  Ravager  
  145  8:20  Ravager x2  
  145  8:24  Hydralisk x3  
  148  8:27  Overlord  
  148  8:31  Hydralisk  
  148  8:33  Muscular Augments  
  150  8:36  Hydralisk x2  
  150  8:40  Hydralisk  
  156  8:45  Hydralisk  
  158  8:49  Hydralisk  
  158  8:52  Hydralisk  
  158  8:54  Hydralisk  
  164  8:56  Hydralisk  
  166  9:07  Hydralisk x4  
  173  9:11  Overlord  
  173  9:12  Hydralisk  
  173  9:15  Hydralisk  
  177  9:18  Hydralisk  
  177  9:19  Zergling x2  
  177  9:20  Hydralisk  
  182  9:26  Overlord  
  182  9:29  Hydralisk  
Show
View Real Time Build Order
Export as new Build Order

Classic Protoss - Winner!

Build Orders: 1 Gate Expand, Oracle Opening, Phoenix Opening 

Get SALT Encoding   

  12  0:00  Probe  
  13  0:12  Probe  
  14  0:19  Pylon  
  14  0:24  Probe  
  15  0:33  Probe  
  15  0:41  Probe  
  16  0:44  Gateway  
  17  0:51  Probe  
  17  0:53  Assimilator  
  18  1:03  Probe  
  19  1:15  Probe  
  20  1:27  Nexus  
  20  1:30  Probe  
  21  1:39  Cybernetics Core  
  21  1:43  Probe  
  21  1:47  Assimilator  
  22  1:53  Pylon  
  22  1:56  Probe  
  23  2:06  Adept  
  23  2:11  Probe  
  26  2:19  Stargate  
  26  2:23  Probe  
  26  2:29  Warp Gate  
  27  2:32  Adept  
  27  2:36  Probe  
  29  2:37  Probe  
  31  2:44  Probe  
  31  2:45  Probe  
  33  2:52  Probe  
  33  2:53  Probe  
  33  2:56  Phoenix  
  35  3:04  Probe  
  38  3:05  Probe  
  38  3:10  Pylon  
  39  3:16  Probe  
  39  3:18  Oracle, Probe  
  41  3:22  Gateway  
  44  3:29  Gateway  
  44  3:32  Probe x2  
  46  3:42  Twilight Council  
  46  3:44  Probe x2  
  48  3:48  Pylon  
  48  3:52  Resonating Glaives  
  48  3:55  Adept, Assimilator  
  50  3:58  Probe x2  
  50  3:59  Assimilator  
  52  4:10  Robotics Facility, Probe x2  
  52  4:14  Pylon  
  54  4:20  Pylon  
  54  4:22  Probe  
  54  4:23  Probe  
  56  4:30  Adept  
  56  4:31  Adept  
  60  4:35  Adept  
  60  4:38  Pylon  
  62  4:49  Shield Battery  
  62  4:52  Adept x2  
  66  4:55  Pylon  
  66  4:56  Adept  
  66  4:58  Immortal  
  72  5:16  Adept x2  
  72  5:17  Adept  
  72  5:19  Pylon  
  78  5:36  Adept x2  
  78  5:37  Immortal  
  78  5:39  Sentry  
  88  5:47  Nexus  
  88  5:49  Pylon  
  88  5:55  Probe x2  
  80  6:08  Immortal  
  80  6:11  Probe x2  
  78  6:17  Sentry x3  
  84  6:20  Forge  
  84  6:23  Probe x2  
  86  6:26  Gateway  
  86  6:27  Gateway  
  86  6:28  Gateway  
  86  6:35  Gateway  
  86  6:36  Gateway  
  86  6:42  Templar Archives  
  86  6:44  Probe x2  
  88  6:51  Protoss Ground Weapons Level 1  
  88  6:54  Immortal  
  88  6:59  Zealot x2  
  88  7:00  Sentry  
  88  7:01  Probe x3  
  101  7:13  Probe x3  
  104  7:19  Pylon  
  104  7:24  Warp Prism  
  104  7:25  Probe x3, Assimilator  
  104  7:27  Assimilator  
  107  7:35  Sentry  
  107  7:36  Pylon  
  111  7:37  Probe x3  
  111  7:40  Psionic Storm  
  116  7:51  Probe x2, Immortal  
  116  7:56  Pylon  
  116  8:01  Robotics Facility  
  116  8:03  High Templar x2  
  124  8:13  High Templar  
  124  8:16  Photon Cannon  
  124  8:18  Pylon  
  124  8:19  High Templar, Pylon  
  128  8:25  Immortal  
  128  8:27  Zealot x3  
  128  8:28  Zealot  
  128  8:32  Photon Cannon  
  128  8:33  Photon Cannon  
  140  8:42  Photon Cannon  
  140  8:52  Immortal  
  140  8:54  Warp Prism  
  144  8:57  High Templar x2  
  144  9:00  Zealot x4  
  144  9:01  Zealot x2  
  162  9:13  Pylon  
  162  9:15  Pylon  
  162  9:32  Adept x6  
  164  9:50  Archon  

Tags
 
Add a new tag
Caveats
  • Supply blocks, unpowered buildings, or Contaminate may cause inaccurate times.
  • Supply counts are checked every 10 seconds.